 Dungeon Crawl Stone Soup version 0.29-a0-334-gb41bcbb86e (webtiles) character file.

Game seed: 14234722383831081610

4739 Jortsu the Cleaver (level 10, -6/88 HPs)
             Began as a Hill Orc Fighter on Apr 14, 2022.
             Was a Priest of Beogh.
             Killed by nerve-wracking pain
             ... invoked by an orc priest
              (11 damage)
             ... on level 8 of the Dungeon.
             The game lasted 00:14:14 (9154 turns).

Jortsu the Cleaver (Hill Orc Fighter)               Turns: 9154, Time: 00:14:14

Health: -6/88      AC: 16    Str: 24    XL:     10   Next: 46%
Magic:  10/10      EV: 26    Int:  8    God:    Beogh [***...]
Gold:   1255       SH:  5    Dex: 12    Spells: 9/9 levels left

rFire   . . .      SeeInvis +   a - +2 war axe (venom)
rCold   + . .      Faith    .   c - +0 buckler
rNeg    . . .      Spirit   .   o - +3 ring mail "Zafut" {rElec}
rPois   .          Reflect  .   (no helmet)
rElec   +          Harm     .   w - +1 cloak
rCorr   .          Rampage  .   D - +0 pair of gloves
Will    .....                   l - +2 pair of boots
Stlth   +.........              r - amulet of the acrobat
HPRegen 0.24/turn               p - ring of see invisible
MPRegen 0.12/turn               q - ring of protection from cold

@: acrobatic, hasted, very quick
A: agile 1, mutation resistance 1
a: Renounce Religion, Smiting


You were on level 8 of the Dungeon.
You worshipped Beogh.
Beogh was most pleased with you.
You visited 1 branch of the dungeon, and saw 8 of its levels.

You collected 1525 gold pieces.
You spent 270 gold pieces at shops.

Inventory:

Hand Weapons
 a - a +2 war axe of venom (weapon)
Armour
 c - a +0 buckler (worn)
 l - a +2 pair of boots (worn)
 o - the +3 ring mail "Zafut" (worn) {rElec}
   (You found it on level 2 of the Dungeon)

   rElec:     It insulates you from electricity.
 w - a +1 cloak (worn)
 D - a +0 pair of gloves (worn)
Jewellery
 p - a ring of see invisible (left hand)
 q - a ring of protection from cold (right hand)
 r - an amulet of the acrobat (around neck)
 s - a +4 ring of evasion
 F - a ring of willpower
Wands
 g - a wand of iceblast (35)
 B - a wand of polymorph (8)
 E - a wand of mindburst (15)
Scrolls
 b - a scroll of brand weapon
 k - 6 scrolls of teleportation
 y - a scroll of holy word
 z - a scroll of torment
 C - 2 scrolls of enchant armour
 G - a scroll of amnesia
Potions
 d - 3 potions of might
 e - a potion of resistance
 f - 4 potions of curing
 h - 5 potions of attraction
 i - a potion of ambrosia
 j - a potion of flight
 m - 3 potions of lignification
 n - 3 potions of brilliance
 t - a potion of heal wounds {unknown}
 u - 2 potions of berserk rage {unknown}
 v - a potion of cancellation
 x - 2 potions of magic
 A - a potion of haste


   Skills:
 + Level 8.2 Fighting
 + Level 13.8 Axes
 + Level 7.2 Armour
 + Level 3.2 Dodging
 + Level 1.5 Stealth
 + Level 6.0 Shields


You had 9 spell levels left.
You didn't know any spells.
Your spell library contained the following spells:

 Spells                   Type           Power      Damage    Failure   Level
 Beastly Appendage        Tmut           0%         N/A       63%         1
 Sandblast                Erth           0%         2d4       63%         1
 Passwall                 Tmut/Erth      0%         N/A       77%         2
 Wereblood                Tmut           0%         N/A       77%         2
 Spider Form              Tmut/Pois      0%         N/A       94%         3
 Stone Arrow              Conj/Erth      0%         3d7       94%         3


Dungeon Overview and Level Annotations

Branches:
Dungeon (8/15)             Temple (0/1) D:5
   Lair: D:8-11

Altars:
Qazlal
Ru
Wu Jian

Shops:
D:4 :   D:7 !   D:8 *

Annotations:
D:4 3 runed translucent doors, stil's ghost, weakling MiFi


Innate Abilities, Weirdness & Mutations

You are agile. (Dex +2)
You are somewhat resistant to further mutation.


Message History

The orc priest mumbles some strange prayers to Beogh against you.
Beogh smites you!
* * * LOW HITPOINT WARNING * * *
Your orc warrior hits the orc warrior with a +0 war axe!
The orc warrior hits your orc warrior with a +0 scimitar!!
Things that are here:
a +0 dire flail; a +1 dire flail of protection; a two-headed ogre corpse You swap places.
The orc warrior hits you but does no damage.
You hit the orc warrior.
The orc warrior is severely wounded.
The orc warrior hits you with a +0 scimitar!
* * * LOW HITPOINT WARNING * * *
You slice the orc warrior!!
You kill the orc warrior!
Beogh accepts your kill.
Your Shields skill increases to level 6!
The orc priest completely misses you.
Things that are here:
a +0 scimitar; a +0 plate armour; an orc corpse You slash the orc priest!
You kill the orc priest!
Beogh accepts your kill.
Beogh appreciates your killing of a heretic priest.
You see here a +0 flail.
Things that are here:
a +0 short sword; 3 boomerangs; a +0 chain mail You see here a +0 dagger.
A wight comes into view. It is wielding a +1 hand axe.
A warg comes into view.
The wight moves out of view.
An orc priest comes into view. It is wielding a +0 flail.
The warg howls!
Found a weird runed staff.
The orc priest casts a cantrip, but nothing happens.
Found a stone staircase leading down.
The orc priest mumbles some strange prayers to Beogh against you.
Pain shoots through your body!
You die...
Beogh appreciates the orc priest's killing of a heretic priest.

######### ........#
###########.########
#.#......o...)).))..).
#....@..o.....########
#..|....##...oz).#
#.####..#+.....z.# #
....#+......z#
........######.z
#..#>....+ z..
#..#.....# ...
#..##+#.


You could see 2 wights, an orc priest, an orc and a friendly orc warrior.

Vanquished Creatures
  A two-headed ogre (D:8)
  A troll (D:7)
  11 yaks
  A wyvern (D:8)
  3 orc warriors
  A sky beast (D:7)
  An ice beast (D:7)
  2 ogres
  A centaur (D:8)
  2 phantoms
  A kobold brigand (D:7)
  Blork the orc (D:6)
  2 bullfrogs (D:7)
  4 howler monkeys
  A gnoll shaman (D:5)
  3 jellies
  Crazy Yiuf (D:4)
  3 orc priests
  4 hounds
  Natasha (thrice) (D:4)
  2 iguanas
  6 orc wizards
  18 gnolls
  6 adders
  2 shadow imps
  A white imp (D:7)
  3 ufetubi
  2 worms
  2 dart slugs (D:4)
  31 orcs
  5 bats
  13 endoplasms
  5 giant cockroaches
  40 goblins
  26 hobgoblins
  6 jackals
  7 quokkas
  9 ball pythons
  A frilled lizard (D:1)
  14 kobolds
  4 rats
250 creatures vanquished.

Vanquished Creatures (collateral kills)
  An orc priest (D:8)
1 creature vanquished.

Vanquished Creatures (others)
  2 orc warriors (D:8)
  An orc wizard (D:4)
  4 orcs
7 creatures vanquished.

Grand Total: 258 creatures vanquished

Notes
Turn   | Place    | Note
-------+----------+-------------------------------------------
     0 | D:1      | Jortsu the Hill Orc Fighter began the quest for the Orb.
     0 | D:1      | Reached XP level 1. HP: 19/19 MP: 1/1
   218 | D:1      | Reached XP level 2. HP: 24/27 MP: 2/2
   256 | D:1      | Reached skill level 3 in Axes
  1080 | D:1      | Reached XP level 3. HP: 33/33 MP: 3/3
  1427 | D:2      | Reached skill level 4 in Axes
  1589 | D:2      | Reached XP level 4. HP: 34/40 MP: 4/4
  2167 | D:2      | Identified the +3 ring mail "Zafut" {rElec}
  2350 | D:3      | Reached skill level 5 in Axes
  2350 | D:3      | Reached XP level 5. HP: 47/47 MP: 5/5
  2361 | D:3      | Found a faded altar of an unknown god.
  2876 | D:3      | Reached XP level 6. HP: 26/53 MP: 6/6
  3130 | D:3      | Reached skill level 6 in Axes
  3753 | D:3      | Reached skill level 5 in Armour
  4087 | D:4      | Noticed Natasha
  4093 | D:4      | Killed Natasha
  4094 | D:4      | Reached XP level 7. HP: 51/60 MP: 7/7
  4096 | D:4      | Became a worshipper of Beogh the Brigand
  4173 | D:4      | Noticed Natasha
  4185 | D:4      | Killed Natasha
  4186 | D:4      | Reached skill level 5 in Fighting
  4298 | D:4      | Reached skill level 7 in Axes
  4316 | D:4      | Found a sacrificial altar of Ru.
  4631 | D:4      | Found Voygg's Book Emporium.
  4659 | D:4      | Reached skill level 1 in Dodging
  4664 | D:4      | Noticed Natasha
  4672 | D:4      | Killed Natasha
  4852 | D:4      | Reached * piety under Beogh
  4939 | D:4      | Found a runed translucent door.
  4940 | D:4      | Noticed Crazy Yiuf
  4947 | D:4      | Killed Crazy Yiuf
  4948 | D:4      | Reached skill level 8 in Axes
  5094 | D:4      | Found a runed translucent gate.
  5111 | D:4      | Found a runed translucent gate.
  5111 | D:4      | Found a runed translucent gate.
  5111 | D:4      | Noticed stil's ghost (weakling MiFi)
  5398 | D:5      | Entered Level 5 of the Dungeon
  5538 | D:5      | Noticed a water elemental
  5541 | D:5      | Found a stormy altar of Qazlal.
  5543 | D:5      | Noticed a fire elemental
  5543 | D:5      | Noticed an air elemental
  5593 | D:5      | Found a staircase to the Ecumenical Temple.
  5752 | D:5      | Reached XP level 8. HP: 69/69 MP: 8/8
  6214 | D:6      | Noticed Blork the orc
  6223 | D:6      | Killed Blork the orc
  6266 | D:6      | Reached skill level 9 in Axes
  6528 | D:6      | Noticed a yak
  6531 | D:6      | Noticed a yak
  6540 | D:6      | Killed a yak
  6541 | D:6      | Noticed a yak
  6545 | D:6      | Killed a yak
  6552 | D:6      | Killed a yak
  6553 | D:6      | Reached skill level 10 in Axes
  6945 | D:6      | Reached skill level 1 in Stealth
  7130 | D:6      | Reached XP level 9. HP: 71/75 MP: 9/9
  7313 | D:6      | Identified a scroll of acquirement
  7313 | D:6      | Acquired 1019 gold pieces
  7318 | D:6      | Gained mutation: Your body sometimes deteriorates upon
                  | taking damage. [potion of mutation]
  7318 | D:6      | Gained mutation: Your flesh is cold resistant. (rC+)
                  | [potion of mutation]
  7319 | D:6      | Lost mutation: Your body sometimes deteriorates upon taking
                  | damage. [potion of mutation]
  7319 | D:6      | Lost mutation: Your flesh is cold resistant. (rC+) [potion
                  | of mutation]
  7319 | D:6      | Gained mutation: Your body sometimes deteriorates upon
                  | taking damage. [potion of mutation]
  7319 | D:6      | Gained mutation: You are partially covered in iridescent
                  | scales. (AC +2) [potion of mutation]
  7320 | D:6      | Lost mutation: Your body sometimes deteriorates upon taking
                  | damage. [potion of mutation]
  7320 | D:6      | Lost mutation: You are partially covered in iridescent
                  | scales. (AC +2) [potion of mutation]
  7320 | D:6      | Gained mutation: You are agile. (Dex +2) [potion of
                  | mutation]
  7320 | D:6      | Gained mutation: You are somewhat resistant to further
                  | mutation. [potion of mutation]
  7404 | D:7      | Found Ihawieka's Distillery.
  7414 | D:7      | Bought a potion of flight for 45 gold pieces
  7414 | D:7      | Bought a potion of might for 60 gold pieces
  7414 | D:7      | Bought a potion of might for 60 gold pieces
  7452 | D:7      | Reached ** piety under Beogh
  7498 | D:7      | Reached skill level 11 in Axes
  7522 | D:7      | Noticed a troll
  7537 | D:7      | Killed a troll
  7810 | D:7      | Reached skill level 5 in Shields
  8337 | D:8      | Found Lythioti's General Store.
  8347 | D:8      | Bought a scroll of torment for 105 gold pieces
  8373 | D:8      | Reached skill level 12 in Axes
  8393 | D:8      | Reached XP level 10. HP: 73/86 MP: 10/10
  8574 | D:8      | Found an ornate altar of the Wu Jian Council.
  8583 | D:8      | Reached *** piety under Beogh
  8765 | D:8      | Reached skill level 13 in Axes
  9106 | D:8      | Noticed a two-headed ogre
  9131 | D:8      | Killed a two-headed ogre
  9135 | D:8      | HP: 2/88 [orc warrior/+0 scimitar (8)]
  9154 | D:8      | Killed from afar by an orc priest

Illustrated notes

Levels and vault maps discovered:
D:1:      elethiomel_arrival_infinity_welcomes_careful_drivers, layout_basic,
          nicolae_figureground_sparkle
D:2:      minmay_evil_eye, layout_basic
D:3:      minmay_goblin_kobold_castle, layout_loops_ring,
          dreamdust_ecumenical_altar_statues, minmay_misc_feat_four_crosses
D:4:      layout_basic, overflow_temple_1_default, serial_shops, shop,
          gammafunk_ghost_necromancy, minmay_ogre_servants, uniq_natasha,
          uniq_crazy_yiuf_cottage
D:5:      layout_gridville, nicolae_qazlal_style_of_elements,
          minmay_temple_entry_antechambers
D:6:      layout_loops_cross, eino_small_chamber_without_monster,
          kennysheep_generic_room_13, uniq_blork_the_orc
D:7:      layout_rooms, nicolae_stop_n_shop_2
D:8:      layout_basic, mainiacjoe_overflow_alcove_2,
          nicolae_ashenzari_skybound, mainiacjoe_overflow_concentric_impassable,
          erik_lair_orcish_takeover, serial_shops, nicolae_stop_n_shop_1

Skill      XL: |  1  2  3  4  5  6  7  8  9 10 |
---------------+-------------------------------+-----
Axes           | 3 4 5 6 8 10 12 13 | 13.8
Fighting       | 4 5 6 7 8 |  8.2
Armour         | 4 5 6 7 |  7.2
Shields        | 4 5 6 |  6.0
Dodging        | 1 2 3 |  3.2
Stealth        | 1 |  1.5

Action                   |  1- 3 |  4- 6 |  7- 9 | 10-12 || total
-------------------------+-------+-------+-------+-------++-------
Melee: War axe           |    94 |   185 |   305 |    70 ||   654
Invok: Convert to Beogh  |       |       |     1 |       ||     1
  Use: Scroll            |     5 |     6 |    12 |       ||    23
       Potion            |       |       |     3 |     2 ||     5
Armor: Chain mail        |    54 |    15 |       |       ||    69
       Ring mail         |       |    98 |   116 |    15 ||   229
Dodge: Dodged            |    28 |   115 |   147 |    26 ||   316
Block: Buckler           |    17 |    51 |    60 |    16 ||   144

Table legend: (Time is in decaauts)
 A = Elapsed time spent in this place.
 B = Non-inter-level travel time spent in this place.
 C = Inter-level travel time spent in this place.
 D = Time resting spent in this place.
 E = Time spent auto-exploring this place.
 F = Levels seen in this place.
 G = Mean time per level.
                   A        B        C        D        E       F      G
               +--------+--------+--------+--------+--------+-----+--------+
         Total |   9244 |   9080 |    164 |   1636 |   5545 |   8 | 1155.5 |
       Dungeon |   9244 |   9080 |    164 |   1636 |   5545 |   8 | 1155.5 |
               +--------+--------+--------+--------+--------+-----+--------+

Top non-repeatable levels by time:
     D:3: 1673 daAuts
     D:4: 1521 daAuts
     D:1: 1279 daAuts
     D:6: 1235 daAuts
     D:2: 1028 daAuts
     D:7: 974 daAuts
     D:8: 795 daAuts
     D:5: 737 daAuts
